 Dungeon Crawl Stone Soup version 0.18.1-8-gdd0e5ea (webtiles) character file.

4207 deorigin the Basher (level 10, 0/107 HPs)
             Began as an Ogre Berserker on May 25, 2016.
             Was an Elder of Trog.
             Slain by a killer bee (3 damage)
             ... on level 8 of the Dungeon.
             The game lasted 00:19:42 (9666 turns).

deorigin the Basher (Ogre Berserker)                Turns: 9666, Time: 00:19:42

Health: 0/107      AC:  5    Str: 24    XL:     10   Next: 29%
Magic:  10/10      EV: 19    Int:  6    God:    Trog [****..]
Gold:   228        SH:  0    Dex: 17    Spells: 0 memorised, 9 levels left

rFire  . . .     SeeInvis .     y - +0 whip (elec)
rCold  . . .     Gourm    .     b - +0 animal skin
rNeg   . . .     Faith    .     (no shield)
rPois  .         Spirit   .     r - +1 hat
rElec  .         Dismiss  .     N - +0 cloak
rCorr  .         Reflect  .     (gloves unavailable)
SustAt .         Harm     .     (boots unavailable)
MR     +++..                    (no amulet)
Stlth  +++.......               (no ring)
                                (no ring)

@: agile, lethally poisoned (0 -> -1), exhausted, regenerating, extremely
resistant to hostile enchantments, fairly stealthy
A: unfitting armour, tough skin 1
a: Berserk, Trog's Hand, Brothers in Arms, Burn Spellbooks, Renounce Religion


You were on level 8 of the Dungeon.
You worshipped Trog.
Trog was greatly pleased with you.
You were hungry.

You visited 1 branch of the dungeon, and saw 8 of its levels.
You also visited: Bailey.

You collected 414 gold pieces.
You spent 186 gold pieces at shops.

Inventory:

Hand Weapons
 a - a +0 mace
 y - a +0 whip of electrocution (weapon)
 C - a +0 giant club
 M - a +2 quarterstaff of chaos
Missiles
 i - 6 javelins (quivered)
 p - 6 poisoned needles
 w - 2 tomahawks
Armour
 b - a +0 animal skin (worn)
 r - a +1 hat (worn)
 N - a +0 cloak (worn)
Jewellery
 j - an uncursed ring of ice
 l - an uncursed ring of positive energy {unknown}
 F - a +4 amulet of reflection {unknown}
Wands
 D - a wand of confusion (26/48)
 H - a wand of disintegration (8/24)
Scrolls
 d - 3 scrolls of enchant armour
 m - 10 scrolls of remove curse {unknown}
 n - 6 scrolls of magic mapping {unknown}
 q - 3 scrolls of teleportation {unknown}
 v - 2 scrolls of noise {unknown}
 x - 4 scrolls of recharging {unknown}
 z - 3 scrolls of amnesia
 A - a scroll of immolation
 E - a scroll of enchant weapon
 K - 2 scrolls of blinking
 Q - a scroll of identify
Potions
 e - a potion of magic
 f - a potion of ambrosia
 g - a potion of might
 k - 7 potions of curing
 o - a potion of haste
 t - a potion of flight
 u - a potion of cure mutation
 B - a potion of lignification
 G - a potion of mutation
 L - 2 potions of degeneration
Books
 I - a book of Cantrips

   Spells                             Type                      Level
   a - Corona                         Hexes                        1
   b - Animate Skeleton               Necromancy                   1
   c - Summon Small Mammal            Summoning                    1
   d - Apportation                    Translocation                1
   Trog disapproves of the use of such an item.
Comestibles
 c - 7 bread rations
 J - a royal jelly
 P - 3 beef jerkies


   Skills:
 * Level 9.4 Fighting
 + Level 14.6 Maces & Flails
 + Level 6.5 Dodging


You had 9 spell levels left.
You didn't know any spells.

Dungeon Overview and Level Annotations

Branches:
Dungeon (8/15)             Temple (0/1) D:5
   Lair: D:8-11

Altars:
Dithmenos
Elyvilon
Makhleb
Okawaru
Vehumet
Xom
Yredelemnul
Zin

Shops:
D:5 ?


Innate Abilities, Weirdness & Mutations

You are too large for most types of armour.
You have tough skin (AC +1).


Message History

You hit the killer bee.
You kill the killer bee!
Trog accepts your kill.
You feel sick.
You closely miss the killer bee.
You feel yourself speed up.
You feel sick. The killer bee misses you. x2
You barely miss the killer bee.
You feel sick. The killer bee misses you.
You whack the killer bee!
The killer bee is heavily wounded.
The killer bee stings you.
* * * LOW HITPOINT WARNING * * *
You are more poisoned.
The killer bee poisons you!
Drink which item? (? for menu, Esc to quit)
Okay, then.
You barely miss the killer bee.
The killer bee is heavily wounded.
You feel sick. The killer bee stings you.
You die...

#####
#...###################
#.>..............%.....
#......................
#...####.############.##
##### #.# #..# #.#
###.###
#†###########.....###
#..y@..........).....
############..)∩).###
#...)..# #......#
########


You could see a killer bee.

Vanquished Creatures
  Pikel (D:4)
  Grinder (D:6)
  Sigmund (D:6)
  2 hungry ghosts (D:7)
  The ghost of kak the Conjurer, an amateur TeFE (D:4)
  2 black bears
  An orc warrior (D:8)
  4 ice beasts
  A slave (D:4)
  7 ogres
  A centaur (D:8)
  Blork the orc (D:6)
  5 giant frogs
  A wyvern skeleton (D:7)
  A scorpion (D:5)
  5 killer bees (D:8)
  A howler monkey (D:5)
  2 crimson imps
  2 centaur zombies
  A giant frog zombie (D:8)
  A jelly (D:6)
  Crazy Yiuf (D:6)
  7 orc priests
  3 orc wizards
  3 iguanas
  6 worker ants
  A killer bee zombie (D:7)
  2 hound skeletons (D:7)
  10 adders
  2 shadow imps (D:7)
  A worm (D:3)
  5 giant geckos
  20 orcs
  3 ball pythons
  9 giant cockroaches
  11 goblins
  10 hobgoblins
  13 jackals
  17 kobolds
  3 quokkas
  3 bats
  A giant gecko skeleton (D:5)
  A giant newt (D:2)
  A quokka skeleton (D:7)
  A quokka zombie (D:7)
  7 rats
  A fungus (D:6)
184 creatures vanquished.

Vanquished Creatures (others)
  A centaur (D:5)
1 creature vanquished.

Grand Total: 185 creatures vanquished

Notes
Turn   | Place    | Note
--------------------------------------------------------------
     0 | D:1      | deorigin the Ogre Berserker began the quest for the Orb.
     0 | D:1      | Reached XP level 1. HP: 24/24 MP: 1/1
    61 | D:1      | Reached XP level 2. HP: 5/32 MP: 2/2
   414 | D:1      | Reached skill level 5 in Maces & Flails
   889 | D:1      | Reached ** piety under Trog
   889 | D:1      | Reached XP level 3. HP: 37/39 MP: 3/3
  1603 | D:2      | Reached skill level 6 in Maces & Flails
  1681 | D:2      | Reached XP level 4. HP: 38/48 MP: 4/4
  2371 | D:2      | Reached *** piety under Trog
  2664 | D:3      | Reached skill level 7 in Maces & Flails
  2716 | D:3      | Found a radiant altar of Vehumet.
  3027 | D:3      | Reached XP level 5. HP: 54/54 MP: 5/5
  3490 | D:3      | Reached skill level 8 in Maces & Flails
  3907 | D:3      | Found a white marble altar of Elyvilon.
  3909 | D:3      | Found a shimmering altar of Xom.
  3912 | D:3      | Found a basalt altar of Yredelemnul.
  4542 | D:4      | Reached XP level 6. HP: 40/62 MP: 6/6
  4792 | D:4      | Noticed kak's ghost (amateur TeFE)
  4810 | D:4      | Killed kak's ghost
  4810 | D:4      | Reached skill level 9 in Maces & Flails
  5214 | D:4      | Reached skill level 10 in Maces & Flails
  5214 | D:4      | Reached XP level 7. HP: 63/70 MP: 7/7
  5483 | D:5      | Entered Level 5 of the Dungeon
  5575 | D:5      | Reached **** piety under Trog
  5678 | D:5      | Noticed Pikel
  5747 | D:4      | Killed Pikel
  5747 | D:4      | Reached skill level 12 in Maces & Flails
  5747 | D:4      | Reached XP level 8. HP: 63/78 MP: 8/8
  6073 | D:5      | Found a staircase to the Ecumenical Temple.
  6099 | D:5      | Reached skill level 13 in Maces & Flails
  6369 | D:5      | Found Pocets's Magic Scroll Shoppe.
  6373 | D:5      | Bought a scroll of identify for 24 gold pieces
  6373 | D:5      | Bought a scroll of identify for 24 gold pieces
  6373 | D:5      | Bought a scroll of identify for 24 gold pieces
  6373 | D:5      | Bought a scroll of identify for 24 gold pieces
  6373 | D:5      | Bought a scroll of blinking for 90 gold pieces
  6506 | D:6      | Noticed Blork the orc
  6517 | D:6      | Killed Blork the orc
  6533 | D:6      | Reached skill level 5 in Fighting
  6592 | D:6      | Found a shadowy altar of Dithmenos.
  6625 | D:6      | Noticed Sigmund
  6634 | D:6      | Killed Sigmund
  6634 | D:6      | Reached XP level 9. HP: 54/88 MP: 9/9
  6781 | D:6      | Found a glowing silver altar of Zin.
  6803 | D:6      | Found a burning altar of Makhleb.
  6830 | D:6      | Noticed Grinder
  6843 | D:6      | Paralysed by Grinder for 7 turns
  6864 | D:6      | Killed Grinder
  7115 | D:6      | Noticed Crazy Yiuf
  7121 | D:6      | Killed Crazy Yiuf
  7221 | D:6      | Found an iron altar of Okawaru.
  7652 | D:7      | Reached skill level 14 in Maces & Flails
  7815 | D:7      | Reached skill level 5 in Dodging
  8491 | D:7      | Reached XP level 10. HP: 80/106 MP: 10/10
  9231 | D:8      | Found a flagged portal.
  9257 | Bailey   | Entered a bailey
  9665 | D:8      | HP: 3/107 [killer bee (3)]
  9666 | D:8      | Slain by a killer bee

Skill      XL: |  1  2  3  4  5  6  7  8  9 10 |
---------------+-------------------------------+-----
Maces & Flails | 5 6 7 8 10 12 13 14 | 14.6
Dodging        | 3 5 6 |  6.5
Fighting       | 5 8 9 |  9.4

Action                   |  1- 3 |  4- 6 |  7- 9 | 10-12 || total
-------------------------+-------+-------+-------+-------++-------
Melee: Mace              |   119 |   167 |       |       ||   286
       Whip              |       |    53 |   301 |   125 ||   479
Invok: Berserk           |       |     1 |     2 |     1 ||     4
       Trog's Hand       |       |       |     1 |     3 ||     4
  Use: Scroll            |       |       |    14 |     3 ||    17
       Potion            |       |       |       |     3 ||     3
 Stab: Sleeping          |       |     1 |       |     1 ||     2
  Eat: Chunk             |     2 |     8 |    14 |     6 ||    30
       Meat ration       |       |     1 |       |       ||     1
       Royal jelly       |       |       |     1 |       ||     1
       Beef jerky        |       |       |     1 |       ||     1
Armor: Animal skin       |    26 |    55 |    59 |    32 ||   172
Dodge: Dodged            |    82 |   116 |   100 |    99 ||   397
